 Dungeon Sprint DCSS version 0.28.0-53-g5a82cb258f (webtiles) character file.

Game seed: 14626225128204384452

500000 Groucho the Twirler (level 1, -17/18 HPs)
             Began as a Djinni Wanderer on June 7, 2022.
             Was an Initiate of Makhleb.
             Demolished by a meat berserker
             ... wielding a +9 battleaxe
              (35 damage)
             ... in the Dungeon (Sprint VIII: "Arena of Blood").
             The game lasted 00:00:28 (5 turns).

Groucho the Twirler (Djinni Wanderer)                  Turns: 5, Time: 00:00:29

Health: -17/18     AC:  4    Str: 12    XL:     1   Next: 0%
Gold:   0          EV: 12    Int: 10    God:    Makhleb [......] SH:  0 Dex: 14

rFire   + + .      SeeInvis .   k - +∞ Axe of Woe
rCold   x . .      Faith    .   (shield currently unavailable)
rNeg    . . .      Spirit   .   e - +0 leather armour
rPois   ∞          Reflect  .   d - +0 helmet
rElec   .          Harm     .   (no cloak)
rCorr   .          Rampage  .   (no gloves)
Will    .....      NoTele   +   (boots unavailable)
Stlth   +.........              (no amulet)
HPRegen 0.06/turn               (no ring)
MPRegen 0.00/turn               (no ring)

@: flying
A: sickness immunity, fire resistance 2, cold vulnerability 1, float, innate
caster, HP casting, extra vitality 1
a: Renounce Religion


You were in the Dungeon.
You worshipped Makhleb.
Makhleb was noncommittal.
You visited 1 branch

Inventory:

Hand Weapons
 a - a +2 quarterstaff
 b - a +0 hand crossbow
 k - the +∞ Axe of Woe (weapon)
   (You found it in the Dungeon)
Missiles
 c - 28 bolts
Armour
 d - a +0 helmet (worn)
 e - a +0 leather armour (worn)
Scrolls
 j - a scroll of blinking
Potions
 f - a potion of curing
 g - a potion of heal wounds
 h - a potion of haste
 i - a potion of berserk rage


   Skills:
 - Level 2.0 Fighting
 + Level 0.0 Axes
 - Level 3.6 Staves
 - Level 1.0 Crossbows
 - Level 1.0 Armour
 + Level 2.1 Dodging


You couldn't memorise any spells.
You didn't know any spells.
Your spell library was empty.

Dungeon Overview and Level Annotations

Branches:
Dungeon (1/1)

Altars:
Makhleb


Innate Abilities, Weirdness & Mutations

You are immune to sickness and miasma.
You are immune to poison.
Your flesh is very heat resistant. (rF++)
You are vulnerable to cold. (rC-)
You float through the air rather than walking.
You learn spells naturally, not from books.
Your magical power is your life essence.
You have superior vitality. (+4 MHP)


Message History

------------------------------------------------------------------------------ ------------------------------------------------------------------------------ -- -- -- The Arena Of Blood -- -- -- -- -- -- -- -- You descend into the pit of gibs and meat, -- -- The sunken abyss of the depraved, -- -- The mill of turgid gutspawn. -- -- The writhen instruments serve in adoration, -- -- Immured beneath a rotten throne. -- -- -- -- Before you lies the servitor of chaos, -- -- The cleaver, -- -- The blasphemer, -- -- The destroyer, -- -- The Axe of Woe. -- -- -- -- Vessel of Makhleb, -- -- You are the unmaker, -- -- You bring the rapture, -- -- The murmurs of the thralls rise... -- -- The theatre of blood begins. -- -- -- ------------------------------------------------------------------------------ ------------------------------------------------------------------------------ Welcome, Groucho the Djinni Wanderer.
Press ? for a list of commands and other information.
Found the +∞ Axe of Woe.
Found four burning altars of Makhleb.
Found a staircase leading out of the dungeon.
You begin with the following items: a +2 quarterstaff, a +0 hand crossbow, 28 bolts, a +0 helmet, a +0 leather armour, a potion of curing, a potion of heal wounds, a potion of haste, a potion of berserk rage, a scroll of blinking.
Unknown command.
Unknown command.
Unknown command.
k - the +∞ Axe of Woe
k - the +∞ Axe of Woe (weapon)
The bag of meat appears out of thin air!
A bag of meat comes into view. It is wielding a +9 war axe.
You hear a shout! x12
The meat berserker appears out of thin air!
A meat berserker comes into view. It is wielding a +9 battleaxe.
The meat berserker shouts!
You hear a shout! x8
There is a burning altar of Makhleb here.
You hover solemnly before the altar of Makhleb.
Makhleb welcomes you!
You hear a shout! x3
A bag of meat comes into view. It is wielding a +9 war axe.
You hear a shout! x7
The bag of meat shouts!
You slash the bag of meat!
You butcher the bag of meat messily.
You kill the bag of meat!
Makhleb accepts your kill.
You hear a shout! x12
The meat berserker hits you with a +9 battleaxe!!
Ouch! That really hurt!
You die...

..... .. #...
.# . #... ..#
..###... ..###.
......###......
....._......
#.....# #@O<._#
#)....#
....._......
......###......
..###... ..###.
. #.o. ..# #...
.# ..... ..


You could see a meat berserker (berserk) and a bag of meat.

Vanquished Creatures
  An orc (D)
1 creature vanquished.

Notes
Turn   | Place    | Note
-------+----------+-------------------------------------------
     0 | D        | Found the +∞ Axe of Woe
     0 | D        | Groucho the Djinni Wanderer began the quest for the Orb.
     0 | D        | Reached XP level 1. HP: 18/18 MP: 0/0
     3 | D        | Noticed a bag of meat
     3 | D        | Noticed a meat berserker
     4 | D        | Became a worshipper of Makhleb the Destroyer
     4 | D        | Noticed a bag of meat
     5 | D        | Killed a bag of meat
     5 | D        | Demolished by a meat berserker

Illustrated notes

Levels and vault maps discovered:
D:        meatsprint

Action                   || total
-------------------------++-------
Melee: Executioner's axe ||     1
